Map: Затерянный храм

Players

ИИ 1 (знаток)

  • Race: Zerg Zerg
  • Spawn Location: 9:00

Doll - Winner!

  • Race: Protoss Protoss
  • Spawn Location: 6:00

VOD

Have the link to the VOD?

Description

Time

  • Played on: Dec. 21, 2020, 11:07 a.m.
  • Length: 9:40
Show
View Real Time Build Order
Export as new Build Order

ИИ 1 (знаток) Zerg 

Build Orders: Hatch First 

Get SALT Encoding   

  12  0:01  Drone  
  13  0:12  Overlord  
  13  0:18  Drone  
  14  0:30  Drone  
  14  0:31  Drone  
  14  0:34  Drone  
  17  0:54  Hatchery  
  17  0:56  Drone  
  17  1:12  Spawning Pool  
  17  1:13  Drone  
  17  1:17  Drone  
  18  1:20  Extractor  
  18  1:22  Drone  
  18  1:30  Overlord  
  18  1:38  Drone  
  19  2:00  Queen, Zergling x4  
  23  2:03  Roach Warren  
  23  2:06  Drone  
  23  2:07  Extractor  
  22  2:10  Drone  
  23  2:23  Drone  
  24  2:30  Lair  
  24  2:44  Roach  
  24  2:49  Extractor  
  25  2:52  Drone  
  26  3:00  Extractor  
  26  3:01  Drone  
  26  3:17  Overlord  
  26  3:18  Roach  
  28  3:28  Roach, Hydralisk Den, Drone  
  30  3:37  Drone  
  30  3:38  Roach  
  33  3:41  Drone  
  34  3:49  Overlord  
  34  3:53  Drone  
  34  3:56  Drone  
  34  3:58  Hydralisk  
  34  4:00  Drone  
  38  4:04  Drone  
  38  4:07  Drone  
  38  4:08  Hydralisk  
  42  4:11  Drone  
  42  4:14  Drone  
  44  4:17  Drone  
  44  4:23  Roach  
  47  4:29  Overlord  
  47  4:34  Roach  
  49  4:44  Roach  
  51  4:54  Roach  
  51  4:55  Overlord  
  53  5:04  Drone, Hydralisk  
  56  5:07  Drone  
  56  5:13  Drone  
  56  5:14  Drone, Hydralisk  
  59  5:19  Overlord  
  61  5:22  Drone  
  61  5:25  Drone  
  61  5:27  Drone  
  64  5:30  Drone  
  64  5:33  Drone  
  66  5:36  Drone  
  67  5:44  Evolution Chamber  
  67  5:46  Drone  
  67  5:48  Drone  
  68  5:52  Overlord  
  68  5:55  Drone  
  69  5:57  Drone  
  69  5:59  Drone  
  69  6:02  Drone  
  72  6:08  Drone  
  72  6:10  Zerg Melee Weapons Level 1  
  73  6:13  Drone  
  73  6:17  Drone, Overlord  
  75  6:19  Drone  
  75  6:20  Drone  
  75  6:24  Drone  
  78  6:30  Drone  
  78  6:32  Burrow  
  79  6:35  Roach  
  81  6:42  Overlord  
  81  6:46  Roach  
  83  6:56  Roach  
  85  7:03  Overlord  
  85  7:06  Roach  
  87  7:16  Roach  
  87  7:17  Baneling Nest, Overseer  
  87  7:18  Spore Crawler  
  87  7:21  Drone, Overlord  
  88  7:23  Overseer  
  88  7:25  Spore Crawler  
  88  7:26  Roach, Drone  
  90  7:30  Spore Crawler  
  90  7:32  Spore Crawler, Drone  
  90  7:33  Drone  
  90  7:35  Hydralisk  
  92  7:41  Overlord  
  94  7:45  Hydralisk  
  94  7:48  Zergling x2  
  89  7:53  Zergling x2  
  89  7:54  Zergling x4  
  89  7:55  Zergling x2  
  89  7:56  Zergling x2  
  63  8:06  Zergling x2  
  63  8:08  Drone x4  
  63  8:09  Drone  
  63  8:11  Drone, Metabolic Boost  
  63  8:13  Queen  
  63  8:15  Hydralisk  
  56  8:25  Hydralisk  
  43  8:27  Drone  
  43  8:32  Drone  
  43  8:33  Zergling x2  
  37  8:38  Zergling x2  
  35  8:46  Drone  
  35  8:48  Drone  
  35  8:49  Roach  
  34  8:56  Drone  
  34  9:00  Roach  
  29  9:04  Hatchery  
  26  9:10  Zergling x2  
  24  9:17  Evolution Chamber  
  24  9:20  Roach, Drone, Zergling x2  
  25  9:25  Drone x2  
  25  9:27  Hatchery  
Show
View Real Time Build Order
Export as new Build Order

Doll Protoss - Winner!

Build Orders:  

Get SALT Encoding   

  12  0:00  Probe  
  13  0:12  Probe  
  14  0:21  Pylon  
  14  0:25  Probe  
  15  0:40  Gateway  
  15  0:43  Probe (Chrono Boost)  
  15  0:47  Assimilator  
  16  0:55  Probe (Chrono Boost)  
  17  1:01  Probe (Chrono Boost)  
  18  1:05  Pylon  
  18  1:11  Probe  
  19  1:18  Gateway  
  19  1:23  Probe  
  19  1:24  Assimilator  
  20  1:30  Zealot  
  22  1:35  Probe  
  23  1:46  Cybernetics Core  
  23  1:48  Probe  
  24  1:57  Zealot  
  24  2:00  Probe  
  27  2:10  Pylon  
  27  2:13  Zealot  
  29  2:16  Probe  
  29  2:22  Warp Gate  
  30  2:28  Zealot  
  32  2:30  Probe  
  33  2:42  Stargate  
  33  2:48  Pylon  
  33  2:49  Probe  
  34  2:54  Sentry  
  36  3:00  Stalker  
  38  3:06  Probe  
  39  3:19  Void Ray  
  40  3:20  Pylon, Probe  
  44  3:30  Adept  
  46  3:38  Stalker  
  46  3:40  Probe  
  49  3:47  Pylon  
  49  3:53  Probe  
  50  3:57  Void Ray  
  50  4:06  Probe  
  55  4:10  Adept  
  57  4:19  Forge  
  57  4:22  Pylon  
  57  4:27  Adept  
  58  4:35  Void Ray  
  58  4:39  Probe  
  58  4:44  Sentry  
  65  4:50  Adept  
  67  4:53  Probe  
  67  4:56  Pylon  
  68  5:06  Probe  
  69  5:07  Robotics Facility  
  69  5:14  Zealot  
  69  5:15  Zealot  
  73  5:22  Probe  
  73  5:24  Void Ray  
  78  5:36  Pylon  
  78  5:56  Nexus  
  78  6:02  Void Ray  
  78  6:09  Probe  
  83  6:12  Observer  
  83  6:17  Pylon  
  84  6:19  Zealot  
  86  6:30  Pylon  
  86  6:33  Twilight Council  
  86  6:38  Zealot  
  88  6:44  Probe  
  88  6:46  Stalker  
  91  6:56  Gateway  
  91  7:01  Sentry  
  93  7:02  Probe  
  94  7:08  Probe  
  94  7:11  Stalker  
Tags
 
Add a new tag
Caveats
  • Supply blocks, unpowered buildings, or Contaminate may cause inaccurate times.
  • Supply counts are checked every 10 seconds.